 Dungeon Crawl Stone Soup version 0.24-a0-549-g45f0056 (webtiles) character file.

Game seed: 12030418303845111270

1824 Gunnerkreig the Magician (level 9, -4/61 HPs)
             Began as an Octopode Wizard on Aug 19, 2019.
             Was an Initiate of Vehumet.
             Blown up by an orc (8 damage)
             ... with a disintegration bolt
             ... on level 6 of the Dungeon.
             The game lasted 00:16:49 (6750 turns).

Gunnerkreig the Magician (Octopode Wizard)          Turns: 6750, Time: 00:16:50

Health: -4/61      AC:  3    Str:  6    XL:     9   Next: 11%
Magic:  1/18       EV: 18    Int: 23    God:    Vehumet [......]
Gold:   254        SH:  0    Dex: 11    Spells: 9/20 levels left

rFire    . . .     SeeInvis .   q - +0 trident
rCold    . . .     Gourm    +   (no shield)
rNeg     . . .     Faith    .   g - +2 hat
rPois    .         Spirit   .   d - amulet of the gourmand
rElec    .         Reflect  .   i - ring of protection from magic
rCorr    .         Harm     .   w - +4 ring of evasion
MR       +....                  (no ring)
Stlth    ++++......             (no ring)
HPRegen  0.20/turn              (no ring)
MPRegen  0.16/turn              (no ring)
                                (no ring)
                                (no ring)

@: very slightly contaminated
A: almost no armour, stealthy swim, amphibious, 8 rings, constrict 8, camouflage
1, gelatinous body 1
a: Renounce Religion


You were on level 6 of the Dungeon.
You worshipped Vehumet.
Vehumet was noncommittal.
You were completely stuffed.

You visited 2 branches of the dungeon, and saw 7 of its levels.

You collected 254 gold pieces.

Inventory:

Hand Weapons
 q - a +0 trident (weapon)
 r - a +0 hunting sling
 y - a +1 dagger of venom
Missiles
 b - 7 boomerangs
 e - 24 poisoned darts (quivered)
 f - 67 sling bullets
 j - 92 stones
Armour
 g - a +2 hat (worn)
Magical Staves
 s - an uncursed staff of fire
Jewellery
 d - an amulet of the gourmand (around mantle)
 i - a ring of protection from magic (left tentacle)
 w - a +4 ring of evasion (right tentacle)
Scrolls
 a - a scroll of blinking
 k - 2 scrolls of fog {unknown}
 l - 3 scrolls of magic mapping
 m - a scroll of enchant weapon {unknown}
 o - 2 scrolls of identify
 p - 2 scrolls of teleportation
Potions
 h - a potion of mutation {unknown}
 n - 2 potions of lignification
 t - 2 potions of curing {unknown}
 u - a potion of heal wounds
 x - a potion of brilliance {unknown}
Comestibles
 c - 8 rations


   Skills:
 + Level 5.6 Fighting
 + Level 4.3 Dodging
 - Level 5.0 Stealth
 + Level 6.2 Spellcasting
 - Level 5.0 Conjurations
 - Level 1.0 Summonings
 - Level 1.0 Translocations
 - Level 3.0 Air Magic
 - Level 1.1 Poison Magic


You had 9 spell levels left.
You knew the following spells:

 Your Spells              Type           Power        Failure   Level  Hunger
a - Magic Dart            Conj           ####         1%          1    None
b - Conjure Flame         Conj/Fire      ###.....     9%          3    #......
c - Mephitic Cloud        Conj/Pois/Air  ###.....     7%          3    #......
w - Call Imp              Summ           ##......     9%          2    None
y - Blink                 Tloc           N/A          9%          2    None

Your spell library contained the following spells:

 Spells                   Type           Power        Failure   Level  Hunger
 Slow                     Hex            #.......     13%         2    None


Dungeon Overview and Level Annotations

Branches:
Dungeon (6/15)             Temple (1/1) D:6

Altars:
Cheibriados
Dithmenos
Fedhas
Gozag
Hepliaklqana
Nemelex Xobeh
Okawaru
Ru
Sif Muna
Trog
Uskayaw
Vehumet
Wu Jian
Xom
Yredelemnul
Zin

Annotations:
D:4 gold in vault and gozag, BRAPZZ's ghost, amateur DsCK


Innate Abilities, Weirdness & Mutations

You cannot wear most types of armour.
You are very stealthy in the water. (Stealth+)
You are amphibious.
You can wear up to eight rings at the same time.
You can use your tentacles to constrict eight enemies at once.
Your skin changes colour to match your surroundings (Stealth+).
Your rubbery body absorbs attacks. (AC +1, EV +1)


Message History

You are very lightly contaminated with residual magic.
Nothing appears to happen.
The orc priest looks satisfied for a moment.
The orc hits the orc.
The orc hits itself.
Casting: Mephitic Cloud (safe; 7% risk of failure)
Confirm with . or Enter, or press ? or * to list all spells.
Aiming: Mephitic Cloud (safe; 7% risk of failure)
Press: ? - help, Shift-Dir - straight line, f - orc priest, p - orc warrior
Aim: an orc priest, wielding a -2 club and wearing a +0 chain mail (moderately wounded)
The ball explodes into a vile cloud!
The stinking cloud engulfs the orc priest but does no damage.
The orc priest is moderately wounded.
The stinking cloud engulfs the orc warrior but does no damage.
The orc warrior is severely wounded.
The stinking cloud engulfs the orc but does no damage.
The orc is severely wounded.
The stinking cloud engulfs the orc but does no damage.
The orc is moderately wounded.
The orc zaps a wand.
You are blasted!
You die...

####### ######
##.....##.....##
##..○..(........# #.
#.○o§............
...##.###.ooo@...........
#......)................
#####.##.......)........
...#..#................
#..#.#................
#.............>..####
####.........#.....
#.#)#####.#####.# #.#)##
#.# .#


You could see an orc warrior, an orc priest and 2 orcs.

Vanquished Creatures
  A hippogriff (D:5)
  2 sky beasts
  A phantom (D:4)
  A centaur (D:6)
  4 bullfrogs
  2 scorpions
  A crimson imp (D:5)
  3 jellies
  2 orc priests (D:6)
  3 hounds
  11 orc wizards
  6 worker ants
  A killer bee zombie (D:5)
  A hound skeleton (D:6)
  A worker ant zombie (D:5)
  6 adders
  2 oozes
  A worm (D:4)
  3 dart slugs
  4 leopard geckos
  33 orcs
  3 giant cockroaches
  5 goblins
  4 hobgoblins
  3 jackals (D:3)
  7 kobolds
  2 quokkas (D:4)
  A ball python (D:2)
  4 bats
  7 frilled lizards
  A leopard gecko skeleton (D:4)
  A quokka skeleton (D:4)
  8 rats
135 creatures vanquished.

Vanquished Creatures (others)
  A plant (D:6)
1 creature vanquished.

Grand Total: 136 creatures vanquished

Notes
Turn   | Place    | Note
-------+----------+-------------------------------------------
     0 | D:1      | Gunnerkreig the Octopode Wizard began the quest for the
                  | Orb.
     0 | D:1      | Reached XP level 1. HP: 11/11 MP: 4/4
   108 | D:1      | Reached XP level 2. HP: 18/18 MP: 1/6
   535 | D:1      | Reached skill level 1 in Fighting
   606 | D:1      | Reached XP level 3. HP: 23/23 MP: 3/7
  1080 | D:1      | Learned a level 2 spell: Blink
  1084 | D:1      | Learned a level 3 spell: Conjure Flame
  1237 | D:2      | Reached XP level 4. HP: 28/28 MP: 5/9
  1695 | D:2      | Learned a level 3 spell: Mephitic Cloud
  2332 | D:3      | Noticed a sky beast
  2350 | D:3      | Killed a sky beast
  2350 | D:3      | Reached XP level 5. HP: 17/35 MP: 1/10
  2820 | D:4      | Reached skill level 4 in Spellcasting
  2820 | D:4      | Reached XP level 6. HP: 19/41 MP: 7/12
  3040 | D:4      | Found a runed translucent gate.
  3040 | D:4      | Found a runed translucent gate.
  3040 | D:4      | Found a runed translucent gate.
  3042 | D:4      | Found an opulent altar of Gozag.
  3046 | D:4      | Noticed BRAPZZ's ghost (amateur DsCK)
  3069 | D:4      | Reached skill level 5 in Stealth
  3547 | D:4      | Reached XP level 7. HP: 30/46 MP: 8/13
  3960 | D:4      | Found a sparkling altar of Nemelex Xobeh.
  4471 | D:5      | Entered Level 5 of the Dungeon
  4632 | D:5      | Reached skill level 5 in Spellcasting
  4711 | D:5      | Noticed a hippogriff
  4718 | D:5      | Learned a level 2 spell: Call Imp
  4743 | D:5      | Killed a hippogriff
  4743 | D:5      | Reached skill level 1 in Poison Magic
  4743 | D:5      | Reached XP level 8. HP: 43/54 MP: 10/15
  4808 | D:5      | Reached skill level 1 in Air Magic
  5043 | D:5      | Reached skill level 5 in Conjurations
  5526 | D:6      | Found a staircase to the Ecumenical Temple.
  5650 | D:6      | Reached skill level 5 in Fighting
  5822 | D:6      | Found an iron altar of Okawaru.
  5822 | D:6      | Found a shimmering altar of Xom.
  5823 | D:6      | Found a sacrificial altar of Ru.
  5884 | Temple   | Entered the Ecumenical Temple
  6238 | Temple   | Became a worshipper of Vehumet
  6411 | D:6      | Reached skill level 6 in Spellcasting
  6411 | D:6      | Reached XP level 9. HP: 52/61 MP: 11/18
  6750 | D:6      | Blown up by an orc

Levels and vault maps discovered:
D:1:      dpeg_arrival_fog, layout_basic
D:2:      layout_basic, first_ration
D:3:      layout_loops_corners
D:4:      layout_cave_pools, kennysheep_mini_moat, ebering_ghost_gozag
D:5:      layout_gridville, serial_bayou_crossing
D:6:      layout_rooms, kennysheep_little_box,
          gammafunk_temple_overflow_forgotten,
          minmay_temple_entry_drinking_statues, minivault_27,
          minmay_misc_feat_encased
Temple:   minmay_temple_forest_path

Skill      XL: |  1  2  3  4  5  6  7  8  9 |
---------------+----------------------------+-----
Stealth        | 3 4 5 |  5.0
Fighting       | 1 2 3 4 5 |  5.6
Conjurations   | 2 3 4 5 |  5.0
Spellcasting   | 4 5 6 |  6.2
Poison Magic   | 1 |  1.1
Air Magic      | 3 |  3.0
Dodging        | 3 4 |  4.3
Summonings     | |  1.0
Translocations | |  1.0

Action                   |  1- 3 |  4- 6 |  7- 9 || total
-------------------------+-------+-------+-------++-------
Melee: Unarmed           |     8 |       |       ||     8
       Constrict         |     3 |    19 |    20 ||    42
       Tentacles         |     3 |     3 |     9 ||    15
       Short sword       |     3 |    13 |       ||    16
       Trident           |       |    78 |   142 ||   220
Throw: Dart              |       |     6 |     6 ||    12
 Cast: Magic Dart        |    61 |    86 |   110 ||   257
       Conjure Flame     |       |     3 |    11 ||    14
       Mephitic Cloud    |       |     2 |     9 ||    11
       Blink             |       |       |     2 ||     2
  Use: Scroll            |       |     3 |     5 ||     8
       Potion            |       |     1 |       ||     1
 Stab: Sleeping          |       |     3 |       ||     3
  Eat: Chunk             |     2 |    16 |    11 ||    29
Armor: Skin              |       |     8 |    16 ||    24
Dodge: Dodged            |     7 |    48 |    74 ||   129

Table legend:
 A = Non-vault XP
 B = Vault XP
 C = Vault XP percentage of total XP
 D = Non-vault monster count
 E = Vault monster count
 F = Vault count percentage of total count
                 A         B        C        D         E       F
            +---------+---------+-------+---------+---------+-------
      Total |    2607 |       0 |   0.0 |     135 |       0 |   0.0
            +---------+---------+-------+---------+---------+-------
        D:1 |      45 |       0 |   0.0 |      23 |       0 |   0.0
        D:2 |      55 |       0 |   0.0 |      10 |       0 |   0.0
        D:3 |     192 |       0 |   0.0 |      26 |       0 |   0.0
        D:4 |     537 |       0 |   0.0 |      30 |       0 |   0.0
        D:5 |     771 |       0 |   0.0 |      16 |       0 |   0.0
        D:6 |    1007 |       0 |   0.0 |      30 |       0 |   0.0
            +---------+---------+-------+---------+---------+-------
